 Dungeon Crawl Stone Soup version 0.30-a0-883-g5ad918d77d (webtiles) character file.

Game seed: 5820904445170847139

6463 jlumianski the Skirmisher (level 10, -12/80 HPs)
             Began as a Demonspawn Fighter on Mar 15, 2023.
             Was a Believer of Qazlal.
             Shot with an arrow by a centaur warrior (13 damage)
             ... on level 11 of the Dungeon on Mar 16, 2023.
             The game lasted 00:38:24 (7244 turns).

jlumianski the Skirmisher (Demonspawn Fighter)      Turns: 7244, Time: 00:38:25

Health: -12/80     AC: 14    Str: 25    XL:     10   Next: 68%
Magic:  13/13      EV:  9    Int:  9    God:    Qazlal [**....]
Gold:   371        SH:  8    Dex: 15    Spells: 9/9 levels left

rFire   . . .      SeeInvis .    g - +11 sling of Hairy Defiance {elec, rElec Will+ Str+6}
rCold   . . .      Faith    .    c - +0 buckler
rNeg    . . .      Spirit   .    r - +0 chain mail
rPois   .          Reflect  .    (no helmet)
rElec   +          Rampage  .    D - +0 cloak
rCorr   +                        J - +0 pair of gloves
Will    +....                    (no boots) Stlth
                                 (no amulet)
HPRegen 0.33/turn                T - ring of flight
MPRegen 0.13/turn                d - ring of resist corrosion

@: flying
A: molten scales 1, spiny 2, demonic touch 1
a: Renounce Religion, Upheaval


You were on level 11 of the Dungeon.
You worshipped Qazlal.
Qazlal was pleased with you.
You visited 1 branch of the dungeon, and saw 11 of its levels.

You collected 371 gold pieces.

Inventory:

Hand Weapons
 a - a +0 war axe
 g - the +11 sling of Hairy Defiance (weapon) {elec, rElec Will+ Str+6}
   (You took it off an orc on level 3 of the Dungeon)

   Str:       It affects your strength (+6).
   rElec:     It insulates you from electricity.
   Will:      It increases your willpower.
 q - a +1 flail of protection
 C - a +4 war axe
 R - a +2 scimitar of flaming
Missiles
 e - 58 stones
 t - 2 throwing nets
 u - 2 boomerangs of dispersal
 v - a silver boomerang
 E - 7 boomerangs
 Q - 5 poisoned darts
Armour
 b - a +0 scale mail
 c - a +0 buckler (worn)
 r - a +0 chain mail (worn)
 D - a +0 cloak (worn)
 J - a +0 pair of gloves (worn)
 S - the +3 hat of Pondering {ponderous, Will+ MP+10 Int+5}
   (You took it off Gastronok on level 8 of the Dungeon)

   Int:       It affects your intelligence (+5).
   MP:        It affects your magic capacity (+10).
   Will:      It increases your willpower.
Magical Staves
 O - a staff of cold
Jewellery
 d - a ring of resist corrosion (right hand)
 z - a ring of magical power
 A - a ring of wizardry
 B - a ring of protection from cold
 P - the ring of the Hero {rF+ Will+ Dex-3 SInv}
   (You found it on level 7 of the Dungeon)

   [ring of protection from fire]

   Dex:       It affects your dexterity (-3).
   rF:        It protects you from fire.
   SInv:      It lets you see invisible.
   Will:      It increases your willpower.
 T - a ring of flight (left hand)
Wands
 w - a wand of light (19)
 x - a wand of flame (11)
 F - a wand of charming (16)
 L - a wand of iceblast (10)
Scrolls
 f - 7 scrolls of teleportation
 h - a scroll of silence
 k - a scroll of poison
 l - a scroll of blinking
 m - a scroll of vulnerability
 o - 3 scrolls of magic mapping {unknown}
 y - a scroll of fog
 K - a scroll of fear {unknown}
 M - a scroll of immolation {unknown}
Potions
 i - a potion of cancellation
 j - 2 potions of brilliance
 n - a potion of ambrosia
 p - a potion of degeneration
 G - a potion of lignification
 H - 2 potions of haste {unknown}
 I - a potion of mutation
 N - 2 potions of attraction
 U - a potion of curing


   Skills:
 * Level 7.8 Fighting
 - Level 3.0 Axes
 * Level 10.7 Ranged Weapons
 + Level 0.1 Throwing
 + Level 5.2 Armour
 + Level 2.1 Dodging
 - Level 0.1 Stealth
 + Level 3.8 Shields
 * Level 4.5 Invocations
 * Level 3.7 Evocations


You had 9 spell levels left.
You didn't know any spells.
Your spell library contained the following spells:

 Spells                   Type           Power      Damage    Failure   Level
 Summon Small Mammal      Summ           0%         N/A       97%         1
 Ensorcelled Hibernation  Hex/Ice        0%         N/A       99%         2
 Sublimation of Blood     Necr           0%         N/A       99%         2
 Call Canine Familiar     Summ           0%         N/A       100%        3
 Portal Projectile        Hex/Tloc       0%         N/A       100%        3
 Spider Form              Tmut/Pois      0%         N/A       100%        3
 Summon Guardian Golem    Hex/Summ       0%         N/A       100%        3
 Anguish                  Hex/Necr       0%         N/A       100%        4
 Leda's Liquefaction      Hex/Erth       0%         N/A       100%        4
 Petrify                  Tmut/Erth      0%         N/A       100%        4
 Irradiate                Conj/Tmut      0%         3d11      100%        5


Dungeon Overview and Level Annotations

Branches:
Dungeon (11/15)            Temple (0/1) D:5
   Lair: D:8-11         Orc: D:9-12

Altars:
Fedhas
Gozag
Kikubaaqudgha
Qazlal
Uskayaw
Xom
Yredelemnul

Shops:
D:3 :   D:4 *

Annotations:
D:11 Harold


Innate Abilities, Weirdness & Mutations

You are partially covered in molten scales. (AC +2)
You are mostly covered in sharp spines.
Your touch may inflict minor irresistible damage on your foes.


Message History

Found a stone staircase leading down.
o - 3 scrolls labelled SINIPL JOOCITT (gained 1)
A gargoyle comes into view. It is wielding a +0 mace.
The gargoyle hurls a stone arrow at you.
The stone arrow hits you!!
You hear a shout!
You shoot a sling bullet.
The sling bullet hits the gargoyle but does no damage.
The gargoyle hits you with a +0 mace.
Harold the Weathered comes into view.
He is wielding a +0 long sword and wearing a +3 chain mail of poison resistance.
Harold shouts!
The gargoyle hits you with a +0 mace!
You hear a shout!
The gargoyle hurls a stone arrow at you.
The stone arrow hits you!!
The gargoyle hurls a stone arrow at you.
The stone arrow hits you.
A centaur warrior comes into view.
The centaur warrior wields a +0 shortbow.
The centaur warrior shoots an arrow.
The arrow hits you!
* * * LOW HITPOINT WARNING * * *
You feel much better.
The centaur warrior shoots an arrow.
You block the arrow.
The centaur warrior shoots an arrow.
The arrow hits you!
The gargoyle hurls a stone arrow at you.
The stone arrow misses you.
Blink to where?
Press: ? - help, Dir - move target, p - gargoyle
As you read the scroll of blinking, it crumbles to dust.
The centaur warrior shoots an arrow.
The arrow closely misses you.
The centaur warrior unwields a +0 shortbow.
You block the centaur warrior's attack. The centaur warrior barely misses you.
The centaur warrior wields a +0 shortbow.
The centaur warrior shoots an arrow.
The arrow hits you!
The centaur warrior shoots an arrow.
The arrow hits you!
* * * LOW HITPOINT WARNING * * *
The centaur warrior shoots an arrow.
The arrow hits you!!
* * * LOW HITPOINT WARNING * * *
There is a stone staircase leading up, spattered with blood here.
The centaur warrior shoots an arrow.
The arrow hits you!
You die...

#......# #......#
#.#......# #.#......# #
#.#.....##.# #.#........
#.#.....####.#
##+##.......@....#
#...[....c########
#............... #
##.#.........#########....
#............ยง..9@........
....####......#####$#######
... #......# #.# .>
.........+ ..# ###......#
...


You could see a centaur warrior.

Vanquished Creatures
  Gastronok (D:8)
  Erica (D:8)
  2 trolls
  A queen bee (D:10)
  A wraith (D:11)
  2 wyverns
  3 water moccasins
  2 orc warriors
  An ice beast (D:4)
  3 black bears
  An ogre (D:6)
  3 phantoms
  A necrophage (D:4)
  3 bullfrogs
  A scorpion (D:5)
  6 wights
  9 killer bees
  A howler monkey (D:6)
  A centaur zombie (D:4)
  4 gnoll boudas
  A human zombie (D:4)
  11 orc priests
  4 hounds
  2 sleepcaps
  7 iguanas
  10 orc wizards
  A hound zombie (D:4)
  A mummy (D:4)
  20 gnolls
  5 adders
  2 shadow imps (D:8)
  An ufetubus (D:4)
  2 adder zombies (D:4)
  2 worms
  A dart slug (D:2)
  52 orcs
  5 bats
  4 endoplasms
  3 giant cockroaches
  3 hobgoblins
  A jackal (D:2)
  5 quokkas
  10 ball pythons
  A frilled lizard (D:1)
  A goblin (D:4)
  4 kobolds
  A rat (D:2)
207 creatures vanquished.

Vanquished Creatures (others)
  2 bullfrogs (D:8)
2 creatures vanquished.

Grand Total: 209 creatures vanquished

Notes
Turn   | Place    | Note
-------+----------+-------------------------------------------
     0 | D:1      | jlumianski the Demonspawn Fighter began the quest for the
                  | Orb.
     0 | D:1      | Reached XP level 1. HP: 18/18 MP: 1/1
   141 | D:1      | You fall into a shaft and drop 1 floor!
   290 | D:2      | Gained mutation: Your touch may inflict minor irresistible
                  | damage on your foes. [demonic ancestry]
   290 | D:2      | Reached XP level 2. HP: 24/24 MP: 2/2
  1109 | D:2      | Gained mutation: You are partially covered in molten
                  | scales. (AC +2) [demonic ancestry]
  1109 | D:2      | Reached XP level 3. HP: 20/29 MP: 3/3
  1648 | D:2      | Reached XP level 4. HP: 26/35 MP: 4/4
  1689 | D:2      | Reached skill level 1 in Dodging
  1768 | D:3      | Found Danguej's Vocational Training.
  1872 | D:3      | Identified the +11 sling of Hairy Defiance {elec, rElec
                  | Will+ Str+6}
  2274 | D:4      | Reached XP level 5. HP: 41/41 MP: 5/5
  2448 | D:3      | Reached skill level 1 in Ranged Weapons
  2628 | D:3      | Gained mutation: You are partially covered in sharp spines.
                  | [demonic ancestry]
  2628 | D:3      | Reached XP level 6. HP: 48/48 MP: 6/6
  2805 | D:4      | Reached skill level 2 in Ranged Weapons
  2981 | D:4      | Reached skill level 3 in Ranged Weapons
  3240 | D:4      | Found Naxuwoxt's Fire Supplies.
  3285 | D:4      | Gained mutation: You are mostly covered in sharp spines.
                  | [demonic ancestry]
  3285 | D:4      | Reached XP level 7. HP: 24/54 MP: 7/7
  3291 | D:4      | Reached skill level 4 in Ranged Weapons
  3304 | D:5      | Entered Level 5 of the Dungeon
  3346 | D:4      | Found a basalt altar of Yredelemnul.
  3375 | D:4      | Reached skill level 5 in Ranged Weapons
  3484 | D:4      | Reached XP level 8. HP: 41/61 MP: 8/8
  3807 | D:4      | Reached skill level 5 in Fighting
  3933 | D:5      | Reached skill level 6 in Ranged Weapons
  4036 | D:5      | Found a stormy altar of Qazlal.
  4036 | D:5      | Found an ancient bone altar of Kikubaaqudgha.
  4036 | D:5      | Found an opulent altar of Gozag.
  4049 | D:5      | Became a worshipper of Qazlal Stormbringer
  4072 | D:5      | Found a staircase to the Ecumenical Temple.
  4351 | D:5      | Reached skill level 7 in Ranged Weapons
  4364 | D:5      | Found a blossoming altar of Fedhas.
  4367 | D:5      | Found a hide-covered altar of Uskayaw.
  4528 | D:6      | Reached * piety under Qazlal
  4806 | D:6      | Reached XP level 9. HP: 68/69 MP: 9/9
  4954 | D:6      | Reached skill level 8 in Ranged Weapons
  5282 | D:7      | Reached skill level 1 in Invocations
  5561 | D:7      | Identified the ring of the Hero {rF+ Will+ Dex-3 SInv}
  5602 | D:7      | Reached skill level 1 in Evocations
  5605 | D:7      | Reached ** piety under Qazlal
  5672 | D:8      | Reached skill level 5 in Armour
  5675 | D:8      | Found a shimmering altar of Xom.
  5911 | D:8      | Noticed Erica
  5924 | D:8      | Killed Erica
  5925 | D:8      | Reached skill level 9 in Ranged Weapons
  6129 | D:8      | Reached XP level 10. HP: 79/79 MP: 12/12
  6285 | D:8      | Noticed Gastronok
  6592 | D:8      | Killed Gastronok
  6794 | D:10     | Entered Level 10 of the Dungeon
  6812 | D:9      | Reached skill level 10 in Ranged Weapons
  7231 | D:11     | Noticed a gargoyle
  7233 | D:11     | Noticed Harold
  7238 | D:11     | Noticed a centaur warrior
  7243 | D:11     | HP: 1/80 [centaur warrior/arrow (19)]
  7244 | D:11     | Shot with an arrow by a centaur warrior

Illustrated notes

Levels and vault maps discovered:
D:1:      dpeg_arrival_pond, layout_basic
D:2:      layout_basic
D:3:      layout_loops_corners, st_stairs_10, nicolae_shop_vocational
D:4:      black_bear_nest_2, layout_loops_ring,
          lemuel_mausoleum_altar_yredelemnul, nicolae_shop_fire_sale
          [nicolae_sub_dead_trees]
D:5:      minmay_evil_eye, layout_basic, minitemple, grunt_temple_overflow_open,
          minmay_temple_entry_statues_fountains, kennysheep_generic_room_16
D:6:      layout_basic
D:7:      layout_cave_pools
D:8:      layout_gridville, xom_confusion_cloud, chequers_serial_rivers_micro_e,
          uniq_erica, uniq_gastronok
D:9:      minmay_separated_statues, layout_long_grid,
          mainiacjoe_overflow_surrounded_room, erik_lair_dragon,
          grunt_decor_arrowhead, uniq_maurice
D:10:     layout_roguey, orc_0_dummy, serial_shops, shop, minivault_7
D:11:     layout_basic, uniq_harold, uniq_sonja

Skill      XL: |  1  2  3  4  5  6  7  8  9 10 |
---------------+-------------------------------+-----
Axes           | 2 3 |  3.0
Armour         | 3 4 5 |  5.2
Dodging        | 1 2 |  2.1
Shields        | 3 |  3.8
Ranged Weapons | 1 3 5 7 9 10 | 10.7
Fighting       | 4 6 7 |  7.8
Invocations    | 3 4 |  4.5
Evocations     | 2 3 |  3.7
Throwing       | |  0.1
Stealth        | |  0.1

Action                     |  1- 3 |  4- 6 |  7- 9 | 10-12 || total
---------------------------+-------+-------+-------+-------++-------
  Melee: War axe           |   100 |    27 |       |       ||   127
   Fire: Sling             |       |    78 |   217 |    95 ||   390
  Throw: Stone             |     8 |       |       |       ||     8
  Evoke: Wand              |       |       |       |     1 ||     1
    Use: Potion            |     3 |     4 |     1 |     1 ||     9
         Scroll            |       |       |    10 |     2 ||    12
 Armour: Scale mail        |    57 |     7 |       |       ||    64
         Chain mail        |       |    35 |    55 |    31 ||   121
  Dodge: Dodged            |    60 |    50 |    46 |    22 ||   178
  Block: Buckler           |    30 |    22 |    41 |    19 ||   112

Table legend: (Time is in decaauts)
 A = Elapsed time spent in this place.
 B = Non-inter-level travel time spent in this place.
 C = Inter-level travel time spent in this place.
 D = Time resting spent in this place.
 E = Time spent auto-exploring this place.
 F = Levels seen in this place.
 G = Mean time per level.
                   A        B        C        D        E       F      G
               +--------+--------+--------+--------+--------+-----+--------+
         Total |   7488 |   7404 |     84 |    683 |   4201 |  11 |  680.7 |
       Dungeon |   7488 |   7404 |     84 |    683 |   4201 |  11 |  680.7 |
               +--------+--------+--------+--------+--------+-----+--------+

Top non-repeatable levels by time:
     D:4: 1380 daAuts
     D:3: 1177 daAuts
     D:8: 1035 daAuts
     D:2: 899 daAuts
     D:6: 850 daAuts
     D:1: 628 daAuts
     D:7: 563 daAuts
     D:5: 474 daAuts
    D:10: 292 daAuts
     D:9: 126 daAuts
    D:11: 59 daAuts
